 Dungeon Crawl Stone Soup version 0.28-a0-664-gc179e30c89 (webtiles) character file.

Game seed: 13554381478433277246

4027 BlueGoblin the Nimble (level 10, -33/60 HPs)
             Began as an Octopode Brigand on Oct 16, 2021.
             Was a Follower of Dithmenos.
             Hit by a large rock thrown by a cyclops (47 damage)
             ... on level 8 of the Dungeon.
             The game lasted 00:17:19 (7734 turns).

BlueGoblin the Nimble (Octopode Brigand)            Turns: 7734, Time: 00:17:20

Health: -33/60     AC:  7    Str: 10    XL:     10   Next: 24%
Magic:  10/10      EV: 28    Int: 13    God:    Dithmenos [*.....]
Gold:   603        SH: 10    Dex: 18    Spells: 9/9 levels left

rFire   . . .      SeeInvis .   l - +2 short sword (elec)
rCold   . . .      Faith    .   y - +0 kite shield
rNeg    . . .      Spirit   .   f - +2 hat
rPois   +          Reflect  .   s - amulet of the acrobat
rElec   .          Harm     .   g - +4 ring of protection
rCorr   .          Rampage  .   t - +4 ring of evasion
Will    .....                   w - ring of poison resistance
Stlth   +++++.....              z - +4 ring of slaying
HPRegen 0.20/turn               B - +4 ring of evasion
MPRegen 0.12/turn               (no ring)
                                (no ring)
                                (no ring)

@: wreathed by umbra
A: almost no armour, amphibious, 8 rings, camouflage 1, gelatinous body 1,
(nimble swimmer 1), tentacles
a: Renounce Religion


You were on level 8 of the Dungeon.
You worshipped Dithmenos.
Dithmenos was aware of your devotion.
You visited 2 branches of the dungeon, and saw 9 of its levels.

You collected 603 gold pieces.

Inventory:

Hand Weapons
 a - a +3 dagger
 d - a +0 dagger of holy wrath
 k - a +3 short sword
 l - a +2 short sword of electrocution (weapon)
 H - a +4 dagger
Missiles
 b - 61 poisoned darts (quivered)
 c - 2 curare-tipped darts
 m - 90 sling bullets
 p - 16 bolts
 C - a throwing net
Armour
 f - a +2 hat (worn)
 y - a +0 kite shield (worn)
Jewellery
 g - a +4 ring of protection (left tentacle)
 s - an amulet of the acrobat (around mantle)
 t - a +4 ring of evasion (right tentacle)
 w - a ring of poison resistance (on tentacle)
 z - a +4 ring of slaying (on tentacle)
 B - a +4 ring of evasion (on tentacle)
Wands
 q - a wand of mindburst (16)
 x - a wand of acid (16)
 I - a wand of polymorph (8)
Scrolls
 h - 8 scrolls of teleportation
 o - a scroll of fog
 F - a scroll of amnesia
 G - a scroll of identify
 J - a scroll of brand weapon {unknown}
Potions
 e - 3 potions of curing
 i - a potion of lignification {unknown}
 j - a potion of might {unknown}
 n - 4 potions of flight
 r - a potion of brilliance {unknown}
 u - a potion of magic
 v - a potion of attraction {unknown}
 A - a potion of heal wounds {unknown}
 E - 2 potions of degeneration {unknown}


   Skills:
 - Level 2.0 Fighting
 - Level 2.0 Short Blades
 - Level 2.0 Throwing
 * Level 13.2 Dodging
 - Level 5.3 Stealth
 * Level 5.6 Shields


You had 9 spell levels left.
You didn't know any spells.
Your spell library contained the following spells:

 Spells                   Type           Power      Damage    Failure   Level
 Foxfire                  Conj/Fire      0%         2x1d4     71%         1
 Shock                    Conj/Air       0%         1d3       71%         1
 Ensorcelled Hibernation  Hex/Ice        0%         N/A       83%         2
 Conjure Flame            Conj/Fire      0%         6-21      97%         3
 Inner Flame              Hex/Fire       0%         N/A       97%         3
 Swiftness                Air            0%         N/A       97%         3
 Tukima's Dance           Hex            0%         N/A       97%         3
 Airstrike                Air            0%         N/A       100%        4
 Flame Wave               Conj/Fire      0%         3d3       100%        4


Dungeon Overview and Level Annotations

Branches:
Dungeon (8/15)             Temple (1/1) D:4
   Lair: D:8-11

Altars:
Ashenzari
Cheibriados
Dithmenos
Elyvilon
Fedhas
Gozag
Hepliaklqana
Kikubaaqudgha
Makhleb
Nemelex Xobeh
Okawaru
Ru
Sif Muna
Trog
Uskayaw
Vehumet
Wu Jian
Xom
Yredelemnul
Zin
The Shining One
Jiyva

Shops:
D:4 [   D:5 :   D:6 [?[*


Innate Abilities, Weirdness & Mutations

You cannot wear most types of armour.
You are amphibious.
You can wear up to eight rings at the same time.
Your skin changes colour to match your surroundings (Stealth+).
Your rubbery body absorbs attacks. (AC +1, EV +1)
((You are camouflaged near water. (Stealth+)))
You have tentacles for arms and can constrict up to eight enemies at once.


Message History

The centaur warrior shoots an arrow.
You block the arrow.
The centaur warrior shoots an arrow.
The arrow misses you.
You see here a scroll of identify.
The centaur warrior unwields a +1 vorpal shortbow.
The centaur warrior completely misses you.
The centaur warrior barely misses you.
You puncture the centaur warrior! You squeeze the centaur warrior!
The centaur warrior is heavily wounded.
The centaur warrior completely misses you.
The centaur warrior closely misses you. The centaur warrior hits you!
The centaur warrior completely misses you.
You hit the centaur warrior.
The centaur warrior is heavily wounded.
The centaur warrior completely misses you.
The centaur warrior closely misses you.
You hit the centaur warrior.
Lightning courses through the centaur warrior!
The centaur warrior is almost dead.
The centaur warrior hits you. The centaur warrior barely misses you.
The centaur warrior closely misses you.
The centaur warrior kicks you but does no damage.
You closely miss the centaur warrior.
The centaur warrior is almost dead.
You block the centaur warrior's attack.
The centaur warrior kicks you but does no damage.
You block the centaur warrior's attack. The centaur warrior closely misses you.
You hit the centaur warrior.
The centaur warrior is almost dead.
The centaur warrior hits you!
* * * LOW HITPOINT WARNING * * *
The centaur warrior closely misses you.
The centaur warrior completely misses you.
The centaur warrior closely misses you.
You hit the centaur warrior.
You kill the centaur warrior!
Dithmenos accepts your kill.
You hear a splash. x3
The cyclops throws a large rock.
The large rock hits you!!!
Ouch! That really hurt!
You die...

.#.#.#..............####........
#.....#.###..######... .....####
.#.#.#.##.........#... ....#
..#.#...#.####..#.#..
.#...#.##.........#
###.#########.#####
.......##...#.#.?.#
..###...#)..#.#..?#
....##..#)..#.#)@†# [
#....##.####≈..####....
#..[..#..C...#.........
##....######..≈####...c
.##....##..y#.#+ #
..###..##??.#.# ....#####(!.#.#
###.#########.# ...............


You could see a cyclops.

Vanquished Creatures
  2 centaur warriors (D:8)
  A two-headed ogre (D:8)
  A wyvern (D:8)
  A basilisk (D:8)
  2 steam dragons
  A vampire mosquito (D:8)
  An acid dragon (D:8)
  An orc warrior (D:7)
  2 ice beasts
  3 sky beasts
  An ogre (D:6)
  2 phantoms
  Blork the orc (D:5)
  A bullfrog (D:6)
  2 kobold brigands
  A scorpion (D:7)
  A gnoll sergeant (D:7)
  5 killer bees (D:6)
  A howler monkey (D:7)
  A wight (D:8)
  A centaur zombie (D:7)
  4 hounds
  A bullfrog skeleton (D:3)
  2 orc priests (D:8)
  A centaur skeleton (D:6)
  An iguana (D:5)
  3 orc wizards
  A hound skeleton (D:4)
  A howler monkey zombie (D:8)
  5 gnolls
  7 adders
  4 dart slugs
  9 orcs
  6 ball pythons
  5 endoplasms
  7 giant cockroaches
  10 goblins
  4 hobgoblins
  4 jackals
  11 kobolds
  6 quokkas
  6 bats
  3 rats
133 creatures vanquished.

Notes
Turn   | Place    | Note
-------+----------+-------------------------------------------
     0 | D:1      | BlueGoblin the Octopode Brigand began the quest for the
                  | Orb.
     0 | D:1      | Reached XP level 1. HP: 14/14 MP: 1/1
   173 | D:1      | Reached skill level 2 in Dodging
   173 | D:1      | Reached XP level 2. HP: 19/19 MP: 2/2
   791 | D:1      | Identified a scroll of acquirement
   791 | D:1      | Acquired a +2 hat
   865 | D:2      | Reached XP level 3. HP: 24/24 MP: 3/3
   876 | D:2      | Found a faded altar of an unknown god.
   901 | D:2      | Reached skill level 3 in Dodging
  1069 | D:2      | Reached XP level 4. HP: 26/29 MP: 4/4
  1163 | D:2      | Reached skill level 4 in Dodging
  1380 | D:3      | Found a white marble altar of Elyvilon.
  1454 | D:3      | Found a bloodstained altar of Trog.
  1568 | D:3      | Reached XP level 5. HP: 30/34 MP: 5/5
  1572 | D:3      | Found a broken altar of Ashenzari.
  1643 | D:3      | Found a glowing drain.
  1806 | D:3      | Reached skill level 5 in Dodging
  2017 | D:3      | Found a blossoming altar of Fedhas.
  2094 | D:3      | Found a burning altar of Makhleb.
  2136 | D:3      | Found a glowing golden altar of the Shining One.
  2447 | D:4      | Found a staircase to the Ecumenical Temple.
  2525 | Temple   | Entered the Ecumenical Temple
  2783 | Temple   | Became a worshipper of Dithmenos the Shadowed
  3080 | D:4      | Found Bubryopn's Armour Emporium.
  3221 | D:4      | Identified the +4 ring mail of Magic {rCorr}
  3535 | D:5      | Entered Level 5 of the Dungeon
  3551 | D:5      | Found Miod's Book Shop.
  3574 | D:5      | Reached XP level 6. HP: 36/39 MP: 6/6
  3696 | D:5      | Reached skill level 6 in Dodging
  3831 | D:5      | Noticed an orc warrior
  4466 | D:5      | Noticed Blork the orc
  4467 | D:5      | Found an ornate altar of the Wu Jian Council.
  4810 | D:5      | Killed Blork the orc
  4832 | D:5      | Reached skill level 7 in Dodging
  4832 | D:5      | Reached XP level 7. HP: 38/45 MP: 7/7
  4993 | D:6      | Found Ruer's Antique Armour Emporium.
  4996 | D:6      | Found an iron altar of Okawaru.
  5185 | D:6      | Found Uginaed's Assorted Antiques.
  5264 | D:6      | Reached skill level 8 in Dodging
  5524 | D:6      | Found Guludep's Magic Scroll Emporium.
  5556 | D:6      | Found an ancient bone altar of Kikubaaqudgha.
  5560 | D:6      | Reached XP level 8. HP: 34/50 MP: 8/8
  5691 | D:6      | Found Tuashrid's Antique Armour Emporium.
  5764 | D:6      | Reached skill level 9 in Dodging
  5764 | D:6      | Reached skill level 1 in Shields
  5906 | D:6      | Found a hide-covered altar of Uskayaw.
  6221 | D:7      | Reached * piety under Dithmenos
  6276 | D:6      | Reached skill level 10 in Dodging
  6660 | D:7      | Reached XP level 9. HP: 54/54 MP: 9/9
  6674 | D:7      | Reached skill level 11 in Dodging
  6812 | D:7      | Found a shimmering blue altar of Sif Muna.
  6988 | D:7      | Found a radiant altar of Vehumet.
  7627 | D:8      | Noticed a centaur warrior
  7635 | D:8      | Reached skill level 12 in Dodging
  7649 | D:8      | Noticed a centaur warrior
  7650 | D:8      | Noticed a two-headed ogre
  7663 | D:8      | Killed a centaur warrior
  7695 | D:8      | Reached skill level 5 in Shields
  7695 | D:8      | Reached XP level 10. HP: 53/60 MP: 10/10
  7700 | D:8      | Killed a two-headed ogre
  7701 | D:8      | Reached skill level 13 in Dodging
  7717 | D:8      | Noticed a cyclops
  7734 | D:8      | Killed a centaur warrior
  7734 | D:8      | Hit by a large rock thrown by a cyclops

Illustrated notes

Levels and vault maps discovered:
D:1:      dpeg_arrival_line_fractal, layout_loops_ring
D:2:      layout_rooms, hellmonk_ecumenical_altar_lost_god,
          minmay_indecisive_spiral
D:3:      layout_rooms, trog_hazing_becter, fedhas_altar_2,
          nicolae_ashenzari_skybound, nicolae_tso_swordbearing_angel,
          mainiacjoe_overflow_big_doors, gup_sewer_entry_glass, minmay_puff
D:4:      layout_basic, minmay_temple_entry_mini_moons, serial_shops,
          nicolae_shop_waterfront
D:5:      layout_loops_ring, lemuel_coloured_pillars_altar, serial_shops, shop,
          uniq_blork_the_orc
D:6:      layout_loops_ring, okawaru_ov_weapons_minmay,
          overflow_temple_1_default, general_overflow_altar, serial_shops,
          kennysheep_mini_moat, shop, shop_scrolls, nicolae_shop_crystal,
          nicolae_ossuary_entry_false_entrances
D:7:      layout_loops_ring, mainiacjoe_overflow_chevrons,
          mainiacjoe_overflow_alcove_1
D:8:      layout_gridville, minmay_the_grid_2x2 [minmay_the_grid_broken_lines,
          minmay_the_grid_diamond_grid, minmay_the_grid_dragon_a,
          minmay_the_grid_prize_four_corners]
Temple:   pf_slimified_temple

Skill      XL: |  1  2  3  4  5  6  7  8  9 10 |
---------------+-------------------------------+-----
Dodging        | 2 3 4 5 7 8 10 12 13 | 13.2
Shields        | 2 5 |  5.6
Fighting       | |  2.0
Short Blades   | |  2.0
Throwing       | |  2.0
Stealth        | |  5.3

Action                   |  1- 3 |  4- 6 |  7- 9 | 10-12 || total
-------------------------+-------+-------+-------+-------++-------
Melee: Dagger            |    46 |    34 |       |       ||    80
       Constrict         |    10 |    19 |    20 |     1 ||    50
       Tentacles         |     6 |    16 |    28 |     4 ||    54
       Short sword       |       |    76 |   172 |    19 ||   267
Throw: Dart              |       |     2 |       |       ||     2
  Use: Scroll            |     6 |     5 |     2 |     1 ||    14
 Stab: Sleeping          |    12 |    16 |    15 |       ||    43
Armor: Skin              |     5 |    20 |    28 |     4 ||    57
Dodge: Dodged            |    24 |    79 |   167 |    42 ||   312
Block: Kite shield       |       |       |    70 |    14 ||    84

Table legend: (Time is in decaauts)
 A = Elapsed time spent in this place.
 B = Non-inter-level travel time spent in this place.
 C = Inter-level travel time spent in this place.
 D = Time resting spent in this place.
 E = Time spent auto-exploring this place.
 F = Levels seen in this place.
 G = Mean time per level.
                   A        B        C        D        E       F      G
               +--------+--------+--------+--------+--------+-----+--------+
         Total |   7761 |   7388 |    373 |   1054 |   4874 |   9 |  862.3 |
       Dungeon |   7484 |   7128 |    356 |    954 |   4800 |   8 |  935.5 |
        Temple |    276 |    259 |     17 |    100 |     74 |   1 |  276.0 |
               +--------+--------+--------+--------+--------+-----+--------+

Top non-repeatable levels by time:
     D:6: 1369 daAuts
     D:5: 1207 daAuts
     D:4: 1142 daAuts
     D:3: 994 daAuts
     D:7: 921 daAuts
     D:1: 819 daAuts
     D:2: 542 daAuts
     D:8: 487 daAuts
  Temple: 276 daAuts
